Devils vs Sabres

Created - February 25 2008 at 19:32

Goals
1 2 3 T
Devils 1 2 0 3
Sabres 0 1 1 2
Shots
1 2 3 T
Devils 3 12 7 22
Sabres 6 6 10 22

Period #1

1. Devils , Michael Nylander 15 (Patrik Elias, Chris Chelios) at 16:49

Penalties :
Daniel Briere (BUF) for Holding (Minor) at 10:18

Period #2

2. Devils , Jean-Pierre Dumont 19 (Ryan Getzlaf, Daniel Alfredsson) at 13:49
3. Sabres , Henrik Zetterberg 27 (John-Michael Liles, Dmitri Kalinin) at 13:57
4. Devils , Miroslav Satan 22 (Jamie Langenbrunner, Paul Martin) at 15:30

Penalties :
Ryan Getzlaf (NJD) for High sticking (Minor) at 0:08, Doug Weight (BUF) for Elbowing (Minor) at 19:58

Period #3

5. Sabres , Brian Campbell 9 (Milan Hejduk, Johan Franzen) at 8:17 (PP)

Penalties :
Henrik Tallinder (BUF) for High sticking (Minor) at 2:53, Brendan Witt (NJD) for Hooking (Minor) at 6:52, Brendan Witt (NJD) for Slashing (Minor) at 8:37, Colin White (NJD) for Interference (Minor) at 10:56

Goalie Stats

Martin Brodeur (NJD), 20 saves from 22 shots - (0.909), W, 42-18-3, 60:00 minutes
Ryan Miller (BUF), 19 saves from 22 shots - (0.864), L, 38-20-5, 59:07 minutes

Players Stats

Devils
Player Name              G  A  P  +/- PIM S  H  SB FO MP 
-----------------------------------------------------------
Ben Eager                0  0  0   0  0   0  1  0  1  8  
Brad Lukowich            0  0  0   0  0   0  0  1  0  5  
Brendan Witt             0  0  0   1  4   0  3  0  0  23 
Chris Chelios            0  1  1   0  0   2  2  1  0  24 
Colin White              0  0  0   1  2   0  0  0  0  21 
Daniel Alfredsson        0  1  1   1  0   3  0  0  1  21 
Jamie Langenbrunner      0  1  1   1  0   1  0  0  1  15 
Jean-Pierre Dumont       1  0  1   1  0   2  0  0  0  22 
John Madden              0  0  0   0  0   1  0  0  10 16 
Juraj Kolnik             0  0  0   0  0   0  1  0  0  8  
Michael Nylander         1  0  1   0  0   3  0  0  16 19 
Miroslav Satan           1  0  1   1  0   4  1  0  3  16 
Patrik Elias             0  1  1   0  0   1  0  0  2  17 
Paul Martin              0  1  1   1  0   0  0  0  0  21 
Richard Matvichuk        0  0  0   1  0   0  1  1  0  22 
Ryan Getzlaf             0  1  1   1  2   2  4  0  27 20 
Travis Zajac             0  0  0   1  0   2  1  0  14 14 
Zach Parise              0  0  0   0  0   1  1  0  3  19 
Sabres
Player Name              G  A  P  +/- PIM S  H  SB FO MP 
-----------------------------------------------------------
Brian Campbell           1  0  1   0  0   1  1  1  0  19 
Chris Drury              0  0  0   0  0   2  0  0  13 14 
Daniel Briere            0  0  0  -1  2   3  0  0  1  8  
Danny Markov             0  0  0   0  0   0  0  1  0  12 
Derek Roy                0  0  0   0  0   0  0  0  0  1  
Dmitri Kalinin           0  1  1  -1  0   0  1  3  0  25 
Doug Weight              0  0  0  -1  2   1  1  0  3  24 
Henrik Tallinder         0  0  0  -1  2   0  0  1  0  6  
Henrik Zetterberg        1  0  1   0  0   5  0  0  0  14 
Jochen Hecht             0  0  0  -1  0   1  1  0  2  26 
Johan Franzen            0  1  1  -1  0   0  3  2  27 25 
John-Michael Liles       0  1  1   0  0   1  0  0  0  24 
Michael Ryder            0  0  0  -1  0   0  3  0  1  25 
Milan Hejduk             0  1  1   0  0   4  1  0  28 22 
Nathan Horton            0  0  0  -1  0   4  1  0  3  25 
Rob Blake                0  0  0  -1  0   0  0  0  0  21 
Thomas Vanek             0  0  0   0  0   0  0  0  0  1  
Toni Lydman              0  0  0  -1  0   0  0  2  0  18 

3 Stars

1 - Miroslav Satan (NJD)
2 - Jean-Pierre Dumont (NJD)
3 - Ryan Getzlaf (NJD)

Power Play

Devils - 0 on 3 Attempt(s) - 0.00%
Sabres - 1 on 4 Attempt(s) - 25.00%

Penalty Kill

Devils - 3 on 4 Attempt(s) - 75.00% - Score 0 goal in Penalty Kill
Sabres - 3 on 3 Attempt(s) - 100.00% - Score 0 goal in Penalty Kill

Game Notes

No Game Note

Finance

Level 1 -- Attendance: 5362 (89.37%) -- Ticket Income $482,580.00
Level 2 -- Attendance: 4535 (90.70%) -- Ticket Income $249,425.00
Level 3 -- Attendance: 1521 (67.60%) -- Ticket Income $53,235.00
Level 4 -- Attendance: 2635 (62.00%) -- Ticket Income $65,875.00
Luxury Box -- Attendance: 916 (91.60%) -- Ticket Income $174,040.00
Game was played at the HSBC Arena
Total Attendance: 14969 (80.91%)
Total Ticket Income: $1,111,831.00
Other Income: $164,215.50
Total Income: $1,276,047.00


Play by Play

Period #1

0:01 of 1st period - Patrik Elias wins face-off versus Johan Franzen in neutral zone.
0:11 of 1st period - Zach Parise is hit by Brian Campbell and loses puck.
0:24 of 1st period - Shot by Patrik Elias.
0:24 of 1st period - Shot Blocked by Johan Franzen.
0:28 of 1st period - Shot by Zach Parise.
0:28 of 1st period - Deflect By Patrik Elias.
0:28 of 1st period - Shot Misses the Net.
0:30 of 1st period - Shot by Zach Parise.
0:30 of 1st period - Deflect By Michael Nylander.
0:30 of 1st period - Shot Misses the Net.
0:34 of 1st period - Shot by Zach Parise.
0:34 of 1st period - Stopped by Ryan Miller without a rebound.
0:35 of 1st period - Milan Hejduk wins face-off versus Ryan Getzlaf in Sabres zone.
0:56 of 1st period - Shot by John-Michael Liles.
0:56 of 1st period - Stopped by Martin Brodeur without a rebound.
0:57 of 1st period - Travis Zajac wins face-off versus Johan Franzen in Devils zone.
0:57 of 1st period - Travis Zajac is hit by Johan Franzen.
1:44 of 1st period - Icing by Paul Martin.
1:45 of 1st period - Travis Zajac wins face-off versus Milan Hejduk in Devils zone.
2:05 of 1st period - Icing by John-Michael Liles.
2:06 of 1st period - Ryan Getzlaf wins face-off versus Milan Hejduk in Sabres zone.
3:05 of 1st period - Icing by Brendan Witt.
3:06 of 1st period - Johan Franzen wins face-off versus Ryan Getzlaf in Devils zone.
4:06 of 1st period - Icing by Jean-Pierre Dumont.
4:07 of 1st period - Chris Drury wins face-off versus Ryan Getzlaf in Devils zone.
4:28 of 1st period - Shot by Chris Drury.
4:28 of 1st period - Shot Misses the Net.
4:30 of 1st period - Shot by Henrik Zetterberg.
4:30 of 1st period - Stopped by Martin Brodeur without a rebound.
4:31 of 1st period - Michael Nylander wins face-off versus Johan Franzen in Devils zone.
5:12 of 1st period - Patrik Elias is hit by Michael Ryder and loses puck.
5:44 of 1st period - Icing by Richard Matvichuk.
5:45 of 1st period - Michael Nylander wins face-off versus Milan Hejduk in Devils zone.
6:13 of 1st period - Icing by Travis Zajac.
6:14 of 1st period - Travis Zajac wins face-off versus Chris Drury in Devils zone.
6:19 of 1st period - Miroslav Satan is hit by Jochen Hecht and loses puck.
8:48 of 1st period - Shot by Henrik Zetterberg.
8:48 of 1st period - Deflect By Daniel Briere.
8:48 of 1st period - Stopped by Martin Brodeur without a rebound.
8:49 of 1st period - Milan Hejduk wins face-off versus Michael Nylander in Devils zone.
9:47 of 1st period - Shot by Chris Drury.
9:47 of 1st period - Stopped by Martin Brodeur without a rebound.
9:48 of 1st period - Johan Franzen wins face-off versus John Madden in Devils zone.
10:18 of 1st period - Minor Penalty to Daniel Briere for Holding.
10:19 of 1st period - Chris Drury wins face-off versus Ryan Getzlaf in Devils zone.
11:04 of 1st period - Shot by Zach Parise.
11:04 of 1st period - Shot Misses the Net.
11:12 of 1st period - Shot by Michael Nylander.
11:12 of 1st period - Shot Misses the Net.
11:14 of 1st period - Shot by Chris Chelios.
11:14 of 1st period - Stopped by Ryan Miller without a rebound.
11:15 of 1st period - Johan Franzen wins face-off versus Patrik Elias in Sabres zone.
12:59 of 1st period - Icing by Milan Hejduk.
13:00 of 1st period - Ryan Getzlaf wins face-off versus Milan Hejduk in Sabres zone.
13:14 of 1st period - Off-side.
13:15 of 1st period - Travis Zajac wins face-off versus Johan Franzen in neutral zone.
14:44 of 1st period - Shot by Patrik Elias.
14:44 of 1st period - Shot Misses the Net.
15:35 of 1st period - Nathan Horton is hit by Travis Zajac and loses puck.
15:48 of 1st period - Shot by Nathan Horton.
15:48 of 1st period - Stopped by Martin Brodeur without a rebound.
15:49 of 1st period - Ryan Getzlaf wins face-off versus Milan Hejduk in Devils zone.
15:49 of 1st period - Ryan Getzlaf is hit by Nathan Horton.
16:23 of 1st period - Shot by Daniel Alfredsson.
16:23 of 1st period - Shot Blocked by Brian Campbell.
16:49 of 1st period - Shot by Michael Nylander.
16:49 of 1st period - Goal by Michael Nylander - Devils : 1 - Sabres : 0.
16:50 of 1st period - Chris Drury wins face-off versus Travis Zajac in neutral zone.
17:15 of 1st period - Icing by Dmitri Kalinin.
17:16 of 1st period - Michael Nylander wins face-off versus Chris Drury in Sabres zone.
17:59 of 1st period - Shot by Daniel Briere.
17:59 of 1st period - Stopped by Martin Brodeur without a rebound.
18:00 of 1st period - Jamie Langenbrunner wins face-off versus Daniel Briere in Devils zone.

Period #2

0:01 of 2nd period - Zach Parise wins face-off versus Johan Franzen in neutral zone.
0:06 of 2nd period - Shot by Michael Nylander.
0:06 of 2nd period - Deflect By Patrik Elias.
0:06 of 2nd period - Stopped by Ryan Miller without a rebound.
0:07 of 2nd period - Milan Hejduk wins face-off versus Ryan Getzlaf in Sabres zone.
0:07 of 2nd period - Milan Hejduk is hit by Ryan Getzlaf.
0:08 of 2nd period - Minor Penalty to Ryan Getzlaf for High sticking.
0:09 of 2nd period - Zach Parise wins face-off versus Johan Franzen in Sabres zone.
0:26 of 2nd period - Shot by Brian Campbell.
0:26 of 2nd period - Shot Misses the Net.
0:28 of 2nd period - Shot by Michael Ryder.
0:28 of 2nd period - Deflect By Jochen Hecht.
0:28 of 2nd period - Shot Misses the Net.
1:25 of 2nd period - Shot by John-Michael Liles.
1:25 of 2nd period - Shot Misses the Net.
1:30 of 2nd period - Shot by Milan Hejduk.
1:30 of 2nd period - Stopped by Martin Brodeur without a rebound.
1:31 of 2nd period - Nathan Horton wins face-off versus John Madden in Devils zone.
1:34 of 2nd period - Shot by Doug Weight.
1:34 of 2nd period - Stopped by Martin Brodeur without a rebound.
1:35 of 2nd period - John Madden wins face-off versus Johan Franzen in Devils zone.
2:15 of 2nd period - Shot by Milan Hejduk.
2:15 of 2nd period - Stopped by Martin Brodeur without a rebound.
2:16 of 2nd period - Milan Hejduk wins face-off versus Travis Zajac in Devils zone.
2:46 of 2nd period - Icing by Rob Blake.
2:47 of 2nd period - Milan Hejduk wins face-off versus John Madden in Sabres zone.
2:47 of 2nd period - Milan Hejduk is hit by Juraj Kolnik.
3:04 of 2nd period - John Madden is hit by Johan Franzen and loses puck.
3:58 of 2nd period - Icing by Brendan Witt.
3:59 of 2nd period - Ryan Getzlaf wins face-off versus Milan Hejduk in Devils zone.
4:33 of 2nd period - Shot by Jamie Langenbrunner.
4:33 of 2nd period - Stopped by Ryan Miller without a rebound.
4:34 of 2nd period - Johan Franzen wins face-off versus Michael Nylander in Sabres zone.
4:47 of 2nd period - Shot by Michael Nylander.
4:47 of 2nd period - Stopped by Ryan Miller without a rebound.
4:48 of 2nd period - Nathan Horton wins face-off versus Travis Zajac in Sabres zone.
4:48 of 2nd period - Nathan Horton is hit by Brendan Witt.
5:15 of 2nd period - Icing by Paul Martin.
5:16 of 2nd period - Johan Franzen wins face-off versus Travis Zajac in Devils zone.
5:54 of 2nd period - Jamie Langenbrunner is hit by Dmitri Kalinin and loses puck.
6:11 of 2nd period - Icing by Milan Hejduk.
6:12 of 2nd period - John Madden wins face-off versus Milan Hejduk in Sabres zone.
7:52 of 2nd period - Shot by Patrik Elias.
7:52 of 2nd period - Shot Misses the Net.
7:57 of 2nd period - Icing by Milan Hejduk.
7:58 of 2nd period - Travis Zajac wins face-off versus Milan Hejduk in Sabres zone.
7:59 of 2nd period - Shot by Miroslav Satan.
7:59 of 2nd period - Stopped by Ryan Miller without a rebound.
8:00 of 2nd period - Travis Zajac wins face-off versus Chris Drury in Sabres zone.
8:17 of 2nd period - Shot by Jamie Langenbrunner.
8:17 of 2nd period - Shot Misses the Net.
8:19 of 2nd period - Shot by Travis Zajac.
8:19 of 2nd period - Shot Blocked by Toni Lydman.
8:21 of 2nd period - Shot by Paul Martin.
8:21 of 2nd period - Shot Misses the Net.
8:25 of 2nd period - Shot by Jamie Langenbrunner.
8:25 of 2nd period - Shot Misses the Net.
8:29 of 2nd period - Shot by Travis Zajac.
8:29 of 2nd period - Shot Blocked by Danny Markov.
8:47 of 2nd period - Shot by Zach Parise.
8:47 of 2nd period - Shot Misses the Net.
8:53 of 2nd period - Shot by Michael Nylander.
8:53 of 2nd period - Stopped by Ryan Miller without a rebound.
8:54 of 2nd period - Johan Franzen wins face-off versus Daniel Alfredsson in Sabres zone.
8:54 of 2nd period - Johan Franzen is hit by Ryan Getzlaf.
9:58 of 2nd period - Nathan Horton is hit by Ryan Getzlaf and loses puck.
10:20 of 2nd period - Icing by Richard Matvichuk.
10:21 of 2nd period - Chris Drury wins face-off versus Michael Nylander in Devils zone.
10:21 of 2nd period - Chris Drury is hit by Chris Chelios.
11:11 of 2nd period - Johan Franzen is hit by Zach Parise and loses puck.
11:21 of 2nd period - Off-side.
11:22 of 2nd period - Milan Hejduk wins face-off versus Ryan Getzlaf in neutral zone.
12:18 of 2nd period - Miroslav Satan is hit by Michael Ryder and loses puck.
13:14 of 2nd period - Shot by John Madden.
13:14 of 2nd period - Shot Blocked by Toni Lydman.
13:28 of 2nd period - Shot by Chris Chelios.
13:28 of 2nd period - Stopped by Ryan Miller without a rebound.
13:29 of 2nd period - Johan Franzen wins face-off versus Ryan Getzlaf in Sabres zone.
13:41 of 2nd period - Shot by Ryan Getzlaf.
13:41 of 2nd period - Shot Blocked by Henrik Tallinder.
13:45 of 2nd period - Shot by Daniel Alfredsson.
13:45 of 2nd period - Shot Misses the Net.
13:47 of 2nd period - Shot by Ryan Getzlaf.
13:47 of 2nd period - Shot Misses the Net.
13:49 of 2nd period - Shot by Jean-Pierre Dumont.
13:49 of 2nd period - Goal by Jean-Pierre Dumont - Devils : 2 - Sabres : 0.
13:50 of 2nd period - Milan Hejduk wins face-off versus Michael Nylander in neutral zone.
13:55 of 2nd period - Shot by John-Michael Liles.
13:55 of 2nd period - Shot Blocked by Richard Matvichuk.
13:57 of 2nd period - Shot by Henrik Zetterberg.
13:57 of 2nd period - Goal by Henrik Zetterberg - Devils : 2 - Sabres : 1.
13:58 of 2nd period - John Madden wins face-off versus Doug Weight in neutral zone.
14:13 of 2nd period - Shot by John Madden.
14:13 of 2nd period - Stopped by Ryan Miller without a rebound.
14:14 of 2nd period - Ryan Getzlaf wins face-off versus Michael Ryder in Sabres zone.
14:17 of 2nd period - Shot by Ryan Getzlaf.
14:17 of 2nd period - Stopped by Ryan Miller without a rebound.
14:18 of 2nd period - Ryan Getzlaf wins face-off versus Milan Hejduk in Sabres zone.
15:30 of 2nd period - Shot by Jamie Langenbrunner.
15:30 of 2nd period - Deflect By Miroslav Satan.
15:30 of 2nd period - Goal by Miroslav Satan - Devils : 3 - Sabres : 1.
15:31 of 2nd period - Johan Franzen wins face-off versus Michael Nylander in neutral zone.
15:56 of 2nd period - Shot by Patrik Elias.
15:56 of 2nd period - Shot Misses the Net.
17:19 of 2nd period - Shot by Daniel Alfredsson.
17:19 of 2nd period - Stopped by Ryan Miller without a rebound.
17:20 of 2nd period - Ryan Getzlaf wins face-off versus Milan Hejduk in Sabres zone.
17:25 of 2nd period - Shot by Ryan Getzlaf.
17:25 of 2nd period - Stopped by Ryan Miller with a rebound.
17:32 of 2nd period - Shot by Henrik Zetterberg.
17:32 of 2nd period - Shot Misses the Net.
17:46 of 2nd period - Shot by Henrik Zetterberg.
17:46 of 2nd period - Stopped by Martin Brodeur with a rebound.
18:06 of 2nd period - Shot by Nathan Horton.
18:06 of 2nd period - Stopped by Martin Brodeur without a rebound.
18:07 of 2nd period - Chris Drury wins face-off versus Michael Nylander in Devils zone.
18:26 of 2nd period - Shot by Zach Parise.
18:26 of 2nd period - Shot Misses the Net.
18:28 of 2nd period - Shot by Zach Parise.
18:28 of 2nd period - Shot Misses the Net.
19:00 of 2nd period - Icing by Dmitri Kalinin.
19:01 of 2nd period - Nathan Horton wins face-off versus Ben Eager in Sabres zone.
19:21 of 2nd period - Icing by Ben Eager.
19:22 of 2nd period - Johan Franzen wins face-off versus John Madden in Devils zone.
19:58 of 2nd period - Minor Penalty to Doug Weight for Elbowing.
19:59 of 2nd period - Ryan Getzlaf wins face-off versus Chris Drury in neutral zone.

Period #3

0:01 of 3rd period - Johan Franzen wins face-off versus Michael Nylander in neutral zone.
1:20 of 3rd period - Shot by Ryan Getzlaf.
1:20 of 3rd period - Shot Misses the Net.
1:22 of 3rd period - Shot by Daniel Alfredsson.
1:22 of 3rd period - Shot Blocked by Johan Franzen.
1:24 of 3rd period - Shot by Chris Chelios.
1:24 of 3rd period - Shot Misses the Net.
1:26 of 3rd period - Shot by Daniel Alfredsson.
1:26 of 3rd period - Shot Blocked by Dmitri Kalinin.
1:30 of 3rd period - Shot by Daniel Alfredsson.
1:30 of 3rd period - Stopped by Ryan Miller without a rebound.
1:31 of 3rd period - Jochen Hecht wins face-off versus Michael Nylander in Sabres zone.
1:42 of 3rd period - Shot by Michael Nylander.
1:42 of 3rd period - Shot Misses the Net.
2:16 of 3rd period - Shot by Ryan Getzlaf.
2:16 of 3rd period - Shot Blocked by Dmitri Kalinin.
2:20 of 3rd period - Shot by Daniel Alfredsson.
2:20 of 3rd period - Shot Misses the Net.
2:46 of 3rd period - Shot by Henrik Zetterberg.
2:46 of 3rd period - Stopped by Martin Brodeur with a rebound.
2:53 of 3rd period - Minor Penalty to Henrik Tallinder for High sticking.
2:54 of 3rd period - Johan Franzen wins face-off versus Miroslav Satan in Sabres zone.
4:29 of 3rd period - Icing by Brendan Witt.
4:30 of 3rd period - Jochen Hecht wins face-off versus Michael Nylander in Devils zone.
5:15 of 3rd period - John Madden is hit by Milan Hejduk and loses puck.
5:29 of 3rd period - Off-side.
5:30 of 3rd period - Miroslav Satan wins face-off versus Johan Franzen in neutral zone.
6:01 of 3rd period - Miroslav Satan is hit by Johan Franzen and loses puck.
6:35 of 3rd period - Milan Hejduk is hit by Brendan Witt and loses puck.
6:45 of 3rd period - Milan Hejduk is hit by Brendan Witt and loses puck.
6:52 of 3rd period - Shot by Nathan Horton.
6:52 of 3rd period - Stopped by Martin Brodeur without a rebound.
6:52 of 3rd period - Minor Penalty to Brendan Witt for Hooking.
6:53 of 3rd period - Chris Drury wins face-off versus Ryan Getzlaf in Devils zone.
7:47 of 3rd period - Shot by Chris Drury.
7:47 of 3rd period - Shot Blocked by Brad Lukowich.
7:57 of 3rd period - Shot by Chris Drury.
7:57 of 3rd period - Stopped by Martin Brodeur with a rebound.
8:17 of 3rd period - Shot by Brian Campbell.
8:17 of 3rd period - Goal by Brian Campbell - Devils : 3 - Sabres : 2.
8:18 of 3rd period - Travis Zajac wins face-off versus Milan Hejduk in neutral zone.
8:23 of 3rd period - Shot by Miroslav Satan.
8:23 of 3rd period - Shot Blocked by Dmitri Kalinin.
8:33 of 3rd period - Shot by Milan Hejduk.
8:33 of 3rd period - Shot Misses the Net.
8:37 of 3rd period - Shot by Milan Hejduk.
8:37 of 3rd period - Stopped by Martin Brodeur without a rebound.
8:37 of 3rd period - Minor Penalty to Brendan Witt for Slashing.
8:38 of 3rd period - Ryan Getzlaf wins face-off versus Johan Franzen in Devils zone.
8:38 of 3rd period - Daniel Alfredsson is hit by Michael Ryder.
8:53 of 3rd period - Icing by Brian Campbell.
8:54 of 3rd period - Johan Franzen wins face-off versus John Madden in Sabres zone.
9:07 of 3rd period - Shot by Michael Ryder.
9:07 of 3rd period - Deflect By Jochen Hecht.
9:07 of 3rd period - Stopped by Martin Brodeur without a rebound.
9:08 of 3rd period - Ryan Getzlaf wins face-off versus Doug Weight in Devils zone.
9:24 of 3rd period - Icing by Henrik Zetterberg.
9:25 of 3rd period - Doug Weight wins face-off versus John Madden in Sabres zone.
10:06 of 3rd period - Shot by Rob Blake.
10:06 of 3rd period - Shot Misses the Net.
10:56 of 3rd period - Minor Penalty to Colin White for Interference.
10:57 of 3rd period - Ryan Getzlaf wins face-off versus Chris Drury in Devils zone.
11:34 of 3rd period - Icing by Dmitri Kalinin.
11:35 of 3rd period - Ryan Getzlaf wins face-off versus Chris Drury in Sabres zone.
12:51 of 3rd period - Icing by Jochen Hecht.
12:52 of 3rd period - Johan Franzen wins face-off versus Ryan Getzlaf in Sabres zone.
13:01 of 3rd period - Shot by Henrik Zetterberg.
13:01 of 3rd period - Stopped by Martin Brodeur without a rebound.
13:02 of 3rd period - Milan Hejduk wins face-off versus Ryan Getzlaf in Devils zone.
13:03 of 3rd period - Shot by Daniel Briere.
13:03 of 3rd period - The goal is going for a video replay.
13:03 of 3rd period - The goal is refuse.
13:04 of 3rd period - Milan Hejduk wins face-off versus Travis Zajac in Devils zone.
13:23 of 3rd period - Shot by Miroslav Satan.
13:23 of 3rd period - Stopped by Ryan Miller without a rebound.
13:24 of 3rd period - Ryan Getzlaf wins face-off versus Johan Franzen in Sabres zone.
13:43 of 3rd period - Shot by Ryan Getzlaf.
13:43 of 3rd period - Deflect By Jean-Pierre Dumont.
13:43 of 3rd period - Stopped by Ryan Miller without a rebound.
13:44 of 3rd period - Milan Hejduk wins face-off versus Michael Nylander in Sabres zone.
13:48 of 3rd period - Dmitri Kalinin is hit by Chris Chelios.
14:03 of 3rd period - Milan Hejduk is hit by Richard Matvichuk and loses puck.
14:25 of 3rd period - Off-side.
14:26 of 3rd period - Johan Franzen wins face-off versus Ryan Getzlaf in neutral zone.
14:26 of 3rd period - Johan Franzen is hit by Ryan Getzlaf.
14:39 of 3rd period - Icing by Brendan Witt.
14:40 of 3rd period - Ryan Getzlaf wins face-off versus Johan Franzen in Devils zone.
14:54 of 3rd period - Shot by Daniel Alfredsson.
14:54 of 3rd period - Stopped by Ryan Miller without a rebound.
14:55 of 3rd period - Johan Franzen wins face-off versus Travis Zajac in Sabres zone.
14:55 of 3rd period - Johan Franzen is hit by Miroslav Satan.
15:02 of 3rd period - Off-side.
15:03 of 3rd period - Travis Zajac wins face-off versus Johan Franzen in neutral zone.
15:16 of 3rd period - Shot by Travis Zajac.
15:16 of 3rd period - Stopped by Ryan Miller without a rebound.
15:17 of 3rd period - Michael Nylander wins face-off versus Milan Hejduk in Sabres zone.
15:40 of 3rd period - Patrik Elias is hit by Doug Weight.
15:44 of 3rd period - Shot by Milan Hejduk.
15:44 of 3rd period - Shot Misses the Net.
17:30 of 3rd period - Shot by Miroslav Satan.
17:30 of 3rd period - Shot Misses the Net.
17:32 of 3rd period - Shot by Travis Zajac.
17:32 of 3rd period - Stopped by Ryan Miller without a rebound.
17:33 of 3rd period - Milan Hejduk wins face-off versus Michael Nylander in Sabres zone.
17:45 of 3rd period - Icing by Dmitri Kalinin.
17:46 of 3rd period - Milan Hejduk wins face-off versus John Madden in Sabres zone.
17:46 of 3rd period - Milan Hejduk is hit by Ben Eager.
17:52 of 3rd period - Shot by Nathan Horton.
17:52 of 3rd period - Stopped by Martin Brodeur with a rebound.
17:56 of 3rd period - Shot by Milan Hejduk.
17:56 of 3rd period - Stopped by Martin Brodeur without a rebound.
17:57 of 3rd period - Milan Hejduk wins face-off versus Ryan Getzlaf in Devils zone.
18:15 of 3rd period - Icing by Henrik Zetterberg.
18:16 of 3rd period - Milan Hejduk wins face-off versus Michael Nylander in Sabres zone.
18:22 of 3rd period - Off-side.
18:23 of 3rd period - Miroslav Satan wins face-off versus Milan Hejduk in neutral zone.
18:26 of 3rd period - Shot by Miroslav Satan.
18:26 of 3rd period - Stopped by Ryan Miller without a rebound.
18:27 of 3rd period - Ryan Getzlaf wins face-off versus Milan Hejduk in Sabres zone.
18:42 of 3rd period - Off-side.
18:43 of 3rd period - Chris Drury wins face-off versus Zach Parise in neutral zone.
19:07 of 3rd period - Sabres, Ryan Miller is pulled from the net.
19:13 of 3rd period - Shot by Chris Drury.
19:13 of 3rd period - Shot Misses the Net.
19:15 of 3rd period - Shot by Chris Drury.
19:15 of 3rd period - Shot Blocked by Chris Chelios.


Output by the SimonT Hockey Simulator (STHS) for Stephane Roy -- Original Page W3C XHTML 1.0 Valid